 Dungeon Crawl Stone Soup version 0.30.1-11-g7821555f0a (webtiles) character file.

Game seed: 6514199285530189647

73989 ExZ the Transmogrifier (level 15, -4/124 HPs)
             Began as a Black Draconian Fire Elementalist on Dec 9, 2023.
             Was an Initiate of Gozag.
             Slain by a boulder beetle (37 damage)
             ... on level 13 of the Dungeon on Dec 10, 2023.
             The game lasted 01:31:36 (34422 turns).

ExZ the Transmogrifier (DrFE)                      Turns: 34422, Time: 01:31:37

Health: -4/124     AC: 31    Str: 14      XL:     15   Next: 5%
Magic:  23/29      EV: 14    Int: 17 (19) God:    Gozag
Gold:   3828       SH:  5    Dex: 12      Spells: 8/28 levels left

rFire   . .          .
                       - Unarmed
rCold   . . .        K - +0 buckler
rNeg    + . .        (body armour unavailable)
rPois   ∞            (helmet restricted)
rElec   +            (no cloak)
rCorr   .            u - melded +0 pair of gloves
SInv    .            y - melded +0 pair of boots
Will    +....        (no amulet)
Stlth   +            C - +4 ring of protection
HPRegen 0.40/turn    B - ring of magical power
MPRegen 0.21/turn

%: no passive effects
@: brilliant, statue-form, flying, contaminated, hasted, glowing, studying
Shields, quick
A: slow and powerful, torment resistance 1, flying, boosted hp, (breathe
lightning), AC +9, unfitting armour, big wings, electricity resistance,
cold-blooded, frail 2, low MP 2
a: End Transformation, Renounce Religion, Potion Petition, Call Merchant, Bribe
Branch


You were on level 13 of the Dungeon.
You worshipped Gozag.
Gozag was most pleased with you.
You were a living statue of rough stone.
You visited 3 branches of the dungeon, and saw 19 of its levels.

You collected 6087 gold pieces.
You spent 648 gold pieces at shops.
You paid 1611 gold pieces to Gozag.

Inventory:

Missiles
 v - 25 throwing nets
Armour
 u - a +0 pair of gloves (melded)
 y - a +0 pair of boots (melded)
 K - a +0 buckler (worn)
Jewellery
 b - a ring of see invisible
 B - a ring of magical power (right fist)
 C - a +4 ring of protection (left fist)
 M - a +6 ring of strength
Wands
 e - a wand of polymorph (3)
 x - a wand of paralysis (22)
 A - a wand of roots (2)
 H - a wand of flame (6)
 O - a wand of acid (5)
Scrolls
 a - a scroll of blinking
 c - 2 scrolls of identify
 d - a scroll of fear
 g - a scroll of immolation
 i - 2 scrolls of teleportation
 n - 3 scrolls of fog
 o - 4 scrolls of amnesia
 q - 6 scrolls of noise
 r - 5 scrolls of vulnerability
 s - 2 scrolls of enchant weapon
 t - a scroll of brand weapon
 E - a scroll of torment
 G - a scroll of poison
 I - 5 scrolls of magic mapping
 N - a scroll of acquirement {unknown}
Potions
 f - 5 potions of curing
 h - 3 potions of lignification
 j - 5 potions of degeneration
 k - 4 potions of flight
 l - 4 potions of heal wounds
 m - 3 potions of haste
 p - 3 potions of mutation
 w - 4 potions of brilliance
 z - a potion of might {unknown}
 D - 2 potions of cancellation
 F - 2 potions of magic
 J - 2 potions of berserk rage {unknown}
 L - a potion of ambrosia {unknown}


   Skills:
 - Level 8.1 Fighting
 - Level 1.3(1.4) Short Blades
 - Level 0.5(1.0) Long Blades
 - Level 1.1 Staves
 - Level 0.2 Ranged Weapons
 - Level 0.1 Throwing
 - Level 7.0 Dodging
 - Level 1.7 Stealth
 + Level 5.9 Shields
 - Level 7.4 Unarmed Combat
 - Level 7.0 Spellcasting
 - Level 10.0 Conjurations
 - Level 0.2 Hexes
 - Level 0.1 Summonings
 - Level 0.6 Necromancy
 - Level 2.0 Translocations
 - Level 13.0 Transmutations
 - Level 7.0 Fire Magic
 - Level 0.1 Ice Magic
 - Level 0.2 Air Magic
 - Level 12.0 Earth Magic
 - Level 0.1 Poison Magic
 - Level 0.1 Invocations
 - Level 0.2 Evocations


You had 8 spell levels left.
You knew the following spells:

 Your Spells              Type           Power      Damage    Failure   Level
a - Statue Form           Tmut/Erth      42%        N/A       13%         6
b - Scorch                Fire           88%        2d9       1%          2
c - Volatile Blastmotes   Fire/Tloc      62%        2d15      7%          3
d - Irradiate             Conj/Tmut      30%        3d21      3%          5
e - Flame Wave            Conj/Fire      51%        2d13      4%          4

Your spell library contained the following spells:

 Spells                   Type           Power      Damage    Failure   Level
 Beastly Appendage        Tmut           100%       N/A       1%          1
 Foxfire                  Conj/Fire      100%       2x1d9     1%          1
 Passwall                 Tmut/Erth      53%        N/A       1%          2
 Wereblood                Tmut           66%        N/A       1%          2
 Stone Arrow              Conj/Erth      100%       3d13      1%          3
 Petrify                  Tmut/Erth      64%        N/A       1%          4
 Blade Hands              Tmut           33%        N/A       1%          5
 Static Discharge         Conj/Air       68%        2-5/arc   2%          2
 Ignite Poison            Fire/Tmut/Pois 43%        N/A       2%          3
 Spider Form              Tmut/Pois      42%        N/A       3%          3
 Lee's Rapid Deconstruct  Erth           31%        3d16*     3%          5
 Apportation              Tloc           38%        N/A       6%          1
 Inner Flame              Hex/Fire       27%        N/A       10%         3
 Ice Form                 Ice/Tmut       42%        N/A       10%         4
 Necrotise                Necr           48%        1d6       12%         1
 Leda's Liquefaction      Hex/Erth       20%        N/A       12%         4
 Slow                     Hex            40%        N/A       13%         1
 Summon Small Mammal      Summ           36%        N/A       14%         1
 Sublimation of Blood     Necr           12%        N/A       17%         2
 Iron Shot                Conj/Erth      30%        9d6       24%         6
 Portal Projectile        Hex/Tloc       28%        N/A       28%         3
 Vampiric Draining        Necr           12%        2d6       34%         3
 Confusing Touch          Hex            10%        N/A       36%         3
 Call Canine Familiar     Summ           9%         N/A       38%         3
 Frozen Ramparts          Ice            18%        1d3       38%         3
 Summon Guardian Golem    Hex/Summ       10%        N/A       38%         3
 Dragon Form              Tmut           33%        N/A       52%         7
 Anguish                  Hex/Necr       5%         N/A       77%         4
 Cause Fear               Hex            5%         N/A       78%         4
 Airstrike                Air            5%         2d(1-17)  80%         4
 Summon Ice Beast         Ice/Summ       9%         N/A       80%         4
 Summon Lightning Spire   Summ/Air       9%         N/A       80%         4
 Enfeeble                 Hex            5%         N/A       100%        7
 Borgnjor's Revivificati  Necr           6%         N/A       100%        8
 Lehudib's Crystal Spear  Conj/Erth      30%        10d8      100%        8
 Maxwell's Capacitive Co  Air            5%         ∞         100%        8
 Animate Armour           Summ/Erth      Unusable   N/A       N/A         4

Dungeon Overview and Level Annotations

Branches:
Dungeon (13/15)            Temple (1/1) D:5            Lair (5/5) D:8
  Swamp (0/4) Lair:2       Spider (0/4) Lair:3        Slime (0/5) Lair:5
    Orc (0/2) D:11
 Vaults: D:13-14

Altars:
Ashenzari
Cheibriados
Dithmenos
Elyvilon
Fedhas
Gozag
Hepliaklqana
Kikubaaqudgha
Makhleb
Nemelex Xobeh
Okawaru
Qazlal
Ru
Sif Muna
Trog
Uskayaw
Vehumet
Wu Jian
Xom
Yredelemnul
Zin
The Shining One

Shops:
D:3 (   D:6 *?!   D:7 !

Annotations:
D:7 2 transporters, Menkaure
Lair:1 exclusion: oklob plant
Lair:2 2 transporters
Lair:4 Gosobixu's ghost, journeyman MiBe


Innate Abilities, Weirdness & Mutations

You are a living statue of rough stone.
Your actions are slow, but your melee attacks are powerful.
You are resistant to unholy torment.
You are flying.
Your maximum health is greatly increased.
You are immune to poison.
Your equipment is partially melded.
((You can breathe wild blasts of lightning.))
((Your glossy black scales are hard. (AC +9)))
You cannot fit into any form of body armour.
Your large and strong wings let you fly.
You are resistant to electric shocks. (rElec)
You are cold-blooded and may be slowed by cold attacks.
You are very frail. (-20% HP)
Your magical capacity is very low. (-20% MP)


Message History

Casting: Irradiate (dangerous; 3% risk of failure)
Confirm with . or Enter, or press ? or * to list all spells.
You feel a surge of power!
You miscast Statue Form.
You are lightly contaminated with residual magic.
Your body is flooded with distortional energies.
You are contaminated with residual magic.
You block the boulder beetle's attack.
Unknown command.
Unknown command.
Unknown command.
Casting: Statue Form (dangerous; 13% risk of failure)
Confirm with . or Enter, or press ? or * to list all spells.
You feel a surge of power!
You turn into a living statue of rough stone.
Your +0 pair of gloves melds into your body.
Your +0 pair of boots melds into your body.
The boulder beetle barely misses you.
Unknown command.
Unknown command.
You hit the boulder beetle.
The boulder beetle is almost dead.
The boulder beetle misses you.
You hit the boulder beetle.
You tail-slap the boulder beetle, but do no damage.
The boulder beetle is almost dead.
The boulder beetle leaps!
Unknown command.
The boulder beetle curls into a ball and begins rolling!
Casting: Statue Form (dangerous; 13% risk of failure)
Confirm with . or Enter, or press ? or * to list all spells.
You feel a surge of power!
Flames lash the boulder beetle but do no damage.
Unknown command.
Unknown command.
You hit the boulder beetle.
You tail-slap the boulder beetle, but do no damage.
The boulder beetle is almost dead.
The boulder beetle hits you!!!
You die...
Your body crumbles into a pile of gold.

........#####.$.#
................#
................# ..
................####...
........####............
........# #............
.(......# #................
........####................
...........8................
..####....B.................
.. #...°..................
#..°####...............
.......# #...####........
........# #...# #........
........# #...# #........
........# #...####........
#####...# #......)........


You could see a boulder beetle (rolling).

Vanquished Creatures
  Gastronok (D:11)
  Snorg (Lair:4)
  Harold (D:11)
  2 hydras
  A catoblepas (Lair:4)
  9 death yaks
  The ghost of Tritorn the Zephyrmancer, a journeyman TeAE of Nemelex Xobeh (D:11)
  3 boulder beetles
  Urug (Lair:1)
  The ghost of tykejmi the Fighter, a novice MiHu of Fedhas (D:8)
  Sonja (D:12)
  A pharaoh ant (Lair:3)
  The ghost of flt the Firebug, a novice DgFE (D:8)
  Nergalle (D:10)
  2 skysharks
  A lindwurm (Lair:4)
  2 ugly things (D:12)
  A cyclops (D:11)
  A moth of wrath (D:4)
  2 wolf spiders (Lair:5)
  21 elephants
  A guardian serpent (Lair:5)
  3 torpor snails
  9 black mambas
  15 cane toads
  Maggie (Lair:1)
  A kobold demonologist (D:9)
  6 komodo dragons
  3 meliai (D:13)
  3 hornets
  2 trolls (D:11)
  10 polar bears (Lair:5)
  A tarantella (Lair:3)
  2 raiju (Lair:5)
  26 blink frogs
  16 dream sheep
  3 slime creatures (D:11)
  Sigmund (D:6)
  A jumping spider (Lair:3)
  A shadow (D:11)
  13 wyverns
  3 basilisks
  30 yaks
  2 vampires
  A ynoxinul (D:11)
  4 redbacks
  Grum (D:11)
  A steam dragon (D:6)
  12 vampire mosquitoes
  4 wargs (Lair:5)
  A two-headed ogre zombie (D:11)
  Edmund (D:6)
  An acid dragon (D:11)
  15 hell hounds (Lair:5)
  30 water moccasins
  An orc warrior (D:8)
  2 sky beasts
  4 ogres
  12 black bears
  2 ice beasts
  31 wolves
  6 centaurs
  4 phantoms
  2 kobold brigands
  3 gnoll sergeants (D:7)
  12 bullfrogs
  4 scorpions
  12 wights
  2 troll zombies (D:11)
  12 killer bees
  6 electric eels
  3 howler monkeys
  A crimson imp (D:11)
  4 lava snakes (Lair:5)
  8 hounds
  6 jellies
  8 orc priests
  3 gnoll boudas (D:7)
  3 sleepcaps
  4 iguanas
  Natasha (D:1)
  8 orc wizards
  5 ogre zombies (D:11)
  28 gnolls
  8 adders
  16 white imps
  2 ufetubi
  2 worms (D:4)
  2 dart slugs
  33 orcs
  9 ball pythons
  9 bats
  An endoplasm (D:2)
  2 giant cockroaches
  12 goblins
  5 hobgoblins
  6 jackals
  2 quokkas
  5 frilled lizards
  3 goblin skeletons (D:11)
  A goblin zombie (D:11)
  2 hobgoblin skeletons (D:11)
  2 hobgoblin zombies (D:11)
  18 kobolds
  3 orc skeletons (D:11)
  14 orc zombies (D:11)
  8 rats
641 creatures vanquished.

Vanquished Creatures (collateral kills)
  3 foxfires (D:1)
3 creatures vanquished.

Vanquished Creatures (others)
  A wizard (D:11)
  201 foxfires
202 creatures vanquished.

Grand Total: 846 creatures vanquished

Notes
Turn   | Place    | Note
-------+----------+-------------------------------------------
     0 | D:1      | ExZ the Draconian Fire Elementalist began the quest for the
                  | Orb.
     0 | D:1      | Reached XP level 1. HP: 14/14 MP: 3/3
   145 | D:1      | Reached XP level 2. HP: 19/20 MP: 0/5
   588 | D:1      | Reached skill level 1 in Staves
   784 | D:1      | Learned a level 2 spell: Scorch
  1068 | D:2      | Reached XP level 3. HP: 26/26 MP: 3/6
  1110 | D:2      | Got the Opusculum on Snow-white Transmigration
  1269 | D:2      | Noticed Natasha
  1298 | D:1      | Killed Natasha
  1299 | D:1      | Reached XP level 4. HP: 12/33 MP: 0/7
  1381 | D:1      | Learned a level 3 spell: Volatile Blastmotes
  1592 | D:2      | Found a glowing golden altar of the Shining One.
  1960 | D:2      | Found a faded altar of an unknown god.
  2212 | D:3      | Noticed a water moccasin
  2583 | D:3      | Noticed an ogre
  2671 | D:3      | Killed a water moccasin
  2672 | D:3      | Reached XP level 5. HP: 23/38 MP: 0/10
  2763 | D:3      | Found Tomumol's Antique Weapon Emporium.
  3398 | D:3      | Killed an ogre
  3399 | D:3      | Reached XP level 6. HP: 45/45 MP: 5/12
  3559 | D:4      | Reached skill level 5 in Fire Magic
  3609 | D:4      | Noticed a moth of wrath
  3612 | D:4      | Found a bloodstained altar of Trog.
  4054 | D:5      | Entered Level 5 of the Dungeon
  4071 | D:5      | Noticed a water moccasin
  4081 | D:5      | Killed a water moccasin
  4181 | D:5      | Your scales start taking on a glossy black colour.
  4181 | D:5      | Reached XP level 7. HP: 45/50 MP: 6/14
  4181 | D:5      | Gained mutation: You are resistant to electric shocks.
                  | (rElec) [Black Draconian growth]
  4309 | D:5      | Reached skill level 5 in Spellcasting
  4502 | D:5      | Found a staircase to the Ecumenical Temple.
  4659 | Temple   | Entered the Ecumenical Temple
  4760 | D:5      | Found an opulent altar of Gozag.
  4764 | D:5      | Became a worshipper of Gozag Ym Sagoz the Greedy
  4799 | D:5      | Found a hazy altar of Hepliaklqana.
  4917 | D:5      | Reached skill level 1 in Translocations
  4917 | D:5      | Reached XP level 8. HP: 31/57 MP: 2/15
  5202 | D:5      | Found a hide-covered altar of Uskayaw.
  5561 | D:4      | Learned a level 5 spell: Irradiate
  5700 | D:4      | Killed a moth of wrath
  5701 | D:4      | Reached skill level 2 in Transmutations
  6018 | D:4      | Found a burning altar of Makhleb.
  6074 | D:4      | Reached skill level 3 in Transmutations
  6113 | D:6      | Found Beschupp's General Store.
  6170 | D:6      | Bought a scroll of teleportation for 42 gold pieces
  6299 | D:6      | Noticed Sigmund
  6305 | D:6      | Killed Sigmund
  6306 | D:6      | Reached skill level 4 in Transmutations
  6338 | D:6      | Reached XP level 9. HP: 24/62 MP: 8/16
  6548 | D:6      | Found Xeigitor's Distillery.
  6657 | D:6      | Bought 2 potions of heal wounds for 130 gold pieces
  6668 | D:6      | Noticed Edmund
  6686 | D:6      | Killed Edmund
  6687 | D:6      | Reached skill level 5 in Dodging
  6741 | D:6      | Reached skill level 5 in Transmutations
  6991 | D:6      | Reached skill level 5 in Conjurations
  7728 | D:6      | Found Bikorumm's Magic Scroll Emporium.
  7737 | D:6      | Bought a scroll of identify for 28 gold pieces
  7737 | D:6      | Bought a scroll of identify for 28 gold pieces
  7737 | D:6      | Bought a scroll of teleportation for 42 gold pieces
  7737 | D:6      | Bought a scroll of teleportation for 42 gold pieces
  7737 | D:6      | Bought a scroll of identify for 28 gold pieces
  7737 | D:6      | Bought a scroll of fear for 56 gold pieces
  7737 | D:6      | Bought a scroll of identify for 28 gold pieces
  7876 | D:7      | Found a transporter.
  8046 | D:7      | Reached skill level 6 in Transmutations
  8233 | D:7      | Found a transporter.
  8235 | D:7      | Found a broken altar of Ashenzari.
  8364 | D:7      | Noticed a boulder beetle
  9073 | D:7      | Reached skill level 7 in Transmutations
  9170 | D:7      | Killed a boulder beetle
  9171 | D:7      | Reached XP level 10. HP: 69/69 MP: 17/17
  9510 | D:7      | Got the Precepts of the Zephyr and Iniquitous Secrets
 10140 | D:7      | Found Aseghohi's Distillery.
 10145 | D:7      | Bought a potion of curing for 42 gold pieces
 10145 | D:7      | Bought a potion of haste for 140 gold pieces
 10145 | D:7      | Bought a potion of curing for 42 gold pieces
 10176 | D:7      | Found a basalt altar of Yredelemnul.
 10180 | D:7      | Noticed Menkaure
 10186 | D:7      | Found an ancient bone altar of Kikubaaqudgha.
 10537 | D:8      | Found a blossoming altar of Fedhas.
 10572 | D:8      | Found a runed translucent gate.
 10572 | D:8      | Found a runed translucent gate.
 10573 | D:8      | Found a runed translucent gate.
 10574 | D:8      | Noticed flt's ghost (novice DgFE)
 10574 | D:8      | Noticed tykejmi's ghost (novice MiHu)
 10829 | D:7      | Reached skill level 8 in Transmutations
 11284 | D:8      | Found a shadowy altar of Dithmenos.
 11561 | D:8      | Found a shimmering blue altar of Sif Muna.
 11595 | D:8      | You fall into a shaft and drop 1 floor!
 11952 | D:9      | Found a glowing golden altar of the Shining One.
 11956 | D:9      | Found an iron altar of Okawaru.
 12148 | D:8      | Found a staircase to the Lair.
 12525 | D:9      | Reached skill level 9 in Transmutations
 12918 | D:9      | Reached XP level 11. HP: 58/74 MP: 17/18
 13262 | D:9      | Learned a level 4 spell: Flame Wave
 13291 | D:10     | Entered Level 10 of the Dungeon
 13436 | D:10     | Found a stormy altar of Qazlal.
 13891 | D:10     | Noticed Nergalle
 13901 | D:10     | Killed Nergalle
 14270 | D:10     | Reached skill level 10 in Transmutations
 14521 | D:10     | Learned a level 6 spell: Statue Form
 14536 | D:10     | Reached skill level 10 in Conjurations
 14722 | Lair:1   | Entered Level 1 of the Lair of Beasts
 14800 | Lair:1   | Noticed an oklob plant
 14815 | Lair:1   | Noticed Urug
 15257 | Lair:1   | Killed Urug
 15377 | D:8      | Killed flt's ghost
 15378 | D:8      | Killed tykejmi's ghost
 15379 | D:8      | Reached skill level 1 in Short Blades
 16085 | Lair:1   | Noticed Maggie
 16094 | Lair:1   | Killed Maggie
 16095 | Lair:1   | Reached skill level 1 in Fighting
 16882 | Lair:2   | Reached skill level 5 in Fighting
 17177 | Lair:2   | Reached XP level 12. HP: 58/97 MP: 22/22
 17651 | Lair:2   | Reached skill level 1 in Earth Magic
 17662 | Lair:2   | Gained mutation: Your magical capacity is low. (-10% MP)
                  | [mutagenic glow]
 18353 | Lair:2   | Found a staircase to the Swamp.
 18355 | Lair:2   | Noticed a six-headed hydra
 18361 | Lair:2   | Found a transporter.
 18366 | Lair:2   | Killed a six-headed hydra
 18540 | Lair:2   | Found a transporter.
 18791 | Lair:3   | Reached skill level 5 in Earth Magic
 20200 | Lair:3   | Reached XP level 13. HP: 83/107 MP: 9/21
 20317 | Lair:3   | Found a hole to the Spider Nest.
 21205 | Lair:4   | Noticed Snorg
 21492 | Lair:4   | Gained mutation: Your magical capacity is very low. (-20%
                  | MP) [mutagenic glow]
 22440 | Lair:4   | Reached skill level 10 in Earth Magic
 22669 | Lair:4   | Killed Snorg
 22817 | Lair:4   | Found a runed translucent gate.
 22818 | Lair:4   | Found a runed translucent gate.
 22818 | Lair:4   | Found a runed translucent gate.
 22820 | Lair:4   | Noticed Gosobixu's ghost (journeyman MiBe)
 22964 | Lair:4   | Gained mutation: Your body sometimes deteriorates upon
                  | taking damage. [mutagenic glow]
 22977 | Lair:4   | Gained mutation: You are frail. (-10% HP) [mutagenic glow]
 23755 | Lair:5   | Entered Level 5 of the Lair of Beasts
 24369 | Lair:5   | Paralysed by a hornet for 2 turns
 25485 | Lair:5   | Reached skill level 1 in Unarmed Combat
 25726 | Lair:5   | Gained mutation: Your large and strong wings let you fly.
                  | [Black Draconian growth]
 25726 | Lair:5   | Reached XP level 14. HP: 103/103 MP: 19/19
 26909 | Lair:5   | Reached skill level 11 in Transmutations
 27354 | Lair:5   | Found a staircase to the Slime Pits.
 28468 | Lair:5   | Reached skill level 12 in Transmutations
 28899 | Lair:5   | Reached skill level 5 in Unarmed Combat
 30497 | Lair:4   | Gained mutation: You are very frail. (-20% HP) [mutagenic
                  | glow]
 30881 | D:11     | Noticed Harold
 30886 | D:11     | Paralysed by Harold for 5 turns
 30887 | D:11     | Reached skill level 13 in Transmutations
 30894 | D:11     | Killed Harold
 31369 | D:11     | Noticed Tritorn's ghost (journeyman TeAE)
 31477 | D:11     | Found a staircase to the Orcish Mines.
 31728 | D:11     | Reached skill level 1 in Shields
 31894 | D:11     | Noticed Grum
 31924 | D:11     | Killed Grum
 32523 | D:11     | Found a runed translucent door.
 32647 | D:11     | Noticed Gastronok
 32662 | D:11     | Killed Gastronok
 32967 | D:11     | Killed Tritorn's ghost
 32983 | D:11     | Got the Folio of the Tektite
 33359 | D:12     | Noticed Sonja
 33363 | D:12     | Killed Sonja
 33511 | D:12     | Reached XP level 15. HP: 96/96 MP: 20/20
 33889 | D:12     | Reached skill level 5 in Shields
 34389 | D:13     | Lost mutation: Your body sometimes deteriorates upon taking
                  | damage. [mutagenic glow]
 34422 | D:13     | Slain by a boulder beetle

Illustrated notes

Levels and vault maps discovered:
D:1:      elethiomel_arrival_infinity_welcomes_careful_drivers, layout_rooms,
          serial_forest, infiniplex_forest_lined_room_3,
          infiniplex_forest_end_2, infiniplex_forest_straight_2,
          infiniplex_forest_lined_1, infiniplex_forest_clump_double
D:2:      layout_loops_ring, dreamdust_ecumenical_altar_hidden_monk_grotto,
          basic_altar, minivault_4, uniq_natasha
D:3:      layout_loops_cross, serial_shops, nicolae_shop_rolling_square,
          minmay_ogre_servants
D:4:      layout_basic, tgw_trog, makhleb_heckhound_becter
D:5:      layout_loops_ring, eat_drink_and_be_merry_uskayaw,
          mainiacjoe_overflow_big_doors, temple_pool_b, portal_sewer_entry_d,
          lightli_ossuary_entry_decrepit_ruins
D:6:      layout_loops_ring, serial_shops, nicolae_lakefront_shop, shop,
          nicolae_shop_window_shopping, nrook_mini_vaults, uniq_edmund,
          uniq_sigmund
D:7:      layout_cave_pools, gammafunk_temple_of_torment, ashenzari_altar_1,
          serial_gnoll_camp, gnoll_camp_mini_hut, gnoll_camp_huts_moat,
          gnoll_camp_mini_shop, gnoll_camp_medium_01
D:8:      layout_loops_ring, nicolae_sif_muna_condensation,
          nicolae_overflow_crystal_walls, nicolae_dithmenos_the_darkroom,
          lair_entry_dummy, gammafunk_ghost_cemetery
D:9:      layout_irregular_city, grunt_temple_overflow_open
D:10:     layout_basic, mainiacjoe_overflow_paths, uniq_nergalle
D:11:     layout_loops_cross, zombieorc2_lemuel, hellmonk_ghost_big_iron,
          portal_ice_cave_entry_imps, lightli_wizard_tower, uniq_grum,
          uniq_harold, uniq_gastronok
D:12:     layout_basic, nicolae_titane, uniq_sonja
D:13:     layout_small_grid, nicolae_ru_great_annihilating_truth
Temple:   nicolae_temple_colour_theory
Lair:1:   gammafunk_indiana_jones, layout_cave_pods, minmay_lair_oklob_bushes,
          uniq_urug, uniq_maggie
Lair:2:   gammafunk_cloud_chamber, layout_concentric_octagons, swamp_mist_pool,
          nicolae_volcano_entry_s_turn, grunt_megastairs_2
Lair:3:   layout_loops_ring, nicolae_spider_entry_lesser_pyramids, st_stairs_9,
          grunt_megastairs_1
Lair:4:   layout_long_grid, ebering_ghost_rock_garden, lemuel_fruit_tree,
          uniq_snorg
Lair:5:   hangedman_lair_caniforms_friends, layout_layer_cave,
          hangedman_lair_tendril_chambers, nicolae_slime_entry_field_trip,
          nicolae_lair_liquid_snakes

Skill      XL: |  1  2  3  4  5  6  7  8  9 10 11 12 13 14 15 |
---------------+----------------------------------------------+-----
Dodging        | 2 4 6 7 |  7.0
Staves         | 1 |  1.1
Fire Magic     | 4 5 7 |  7.0
Spellcasting   | 3 4 5 7 |  7.0
Conjurations   | 2 3 4 6 8 10 | 10.0
Translocations | 1 2 |  2.0
Transmutations | 4 7 9 10 13 | 13.0
Short Blades   | 1 |  1.3
Fighting       | 6 8 |  8.1
Earth Magic    | 7 12 | 12.0
Unarmed Combat | 1 7 |  7.4
Shields        | 4 5 |  5.9
Long Blades    | |  0.5
Ranged Weapons | |  0.2
Throwing       | |  0.1
Stealth        | |  1.7
Hexes          | |  0.2
Summonings     | |  0.1
Necromancy     | |  0.6
Ice Magic      | |  0.1
Air Magic      | |  0.2
Poison Magic   | |  0.1
Invocations    | |  0.1
Evocations     | |  0.2

Action                     |  1- 3 |  4- 6 |  7- 9 | 10-12 | 13-15 || total
---------------------------+-------+-------+-------+-------+-------++-------
  Melee: Whip              |     1 |     5 |    20 |       |       ||    26
         Lajatang          |    15 |     7 |       |       |       ||    22
         Tailslap          |       |     2 |       |     6 |    71 ||    79
         Flail             |       |       |       |    23 |    49 ||    72
         Unarmed           |       |       |       |       |   279 ||   279
         Punch             |       |       |       |       |     1 ||     1
   Cast: Foxfire           |    56 |    44 |    30 |     2 |       ||   132
         Scorch            |       |    52 |   190 |   302 |   258 ||   802
         Volatile Blastmot |       |       |     4 |    40 |     9 ||    53
         Irradiate         |       |       |       |    61 |   146 ||   207
         Flame Wave        |       |       |       |    11 |    13 ||    24
         Statue Form       |       |       |       |       |    23 ||    23
 Invoke: Potion Petition   |       |       |       |       |     4 ||     4
Ability: Breathe Lightning |       |       |     5 |    10 |     5 ||    20
         End Transformatio |       |       |       |       |     1 ||     1
  Evoke: Wand              |       |       |    10 |    15 |    10 ||    35
    Use: Potion            |     3 |     2 |     1 |     3 |     7 ||    16
         Scroll            |     2 |       |     9 |     4 |    17 ||    32
   Stab: Distracted        |       |       |       |       |     3 ||     3
 Armour: Skin              |    13 |    19 |    41 |   106 |   464 ||   643
  Dodge: Dodged            |    42 |    31 |    88 |   237 |   702 ||  1100
  Block: Buckler           |       |       |       |       |    73 ||    73
